 Dungeon Crawl Stone Soup version 0.29.1-2-gbd0b4ee654 (webtiles) character file.

Game seed: 17701772158014432286

18 Icepheonix32 the Grave Robber (level 2, -2/15 HPs)
             Began as a Deep Elf Necromancer on Oct 31, 2022.
             Slain by Terence
             ... wielding a +0 mace
              (10 damage)
             ... on level 1 of the Dungeon.
             The game lasted 00:01:13 (1398 turns).

Icepheonix32 the Grave Robber (DENe)                Turns: 1398, Time: 00:01:14

Health: -2/15      AC:  2    Str:  5    XL:     2   Next: 48%
Magic:  3/8        EV: 12    Int: 19    God:
Gold:   35         SH:  0    Dex: 15    Spells: 6/7 levels left

rFire   . . .      SeeInvis .   c - +0 dagger
rCold   . . .      Faith    .   (no shield)
rNeg    . . .      Spirit   .   a - +0 robe
rPois   .          Reflect  .   (no helmet)
rElec   .          Harm     .   g - scarf {shadows}
rCorr   .          Rampage  .   (no gloves)
Will    .....                   (no boots)
Stlth   ++........              (no amulet)
HPRegen 0.05/turn               (no ring)
MPRegen 0.11/turn               (no ring)

@: no status effects
A: no striking features
a: no special abilities


You were on level 1 of the Dungeon.
You visited 1 branch of the dungeon, and saw 2 of its levels.

You collected 35 gold pieces.

Inventory:

Hand Weapons
 c - a +0 dagger (weapon)
Armour
 a - a +0 robe (worn)
 g - a scarf of shadows (worn)
Potions
 b - a potion of magic
 e - a potion of curing
 h - a potion of might
 i - a potion of ambrosia


   Skills:
 - Level 2.4 Dodging
 - Level 2.4 Stealth
 - Level 3.0 Spellcasting
 + Level 5.7 Necromancy


You had 6 spell levels left.
You knew the following spells:

 Your Spells              Type           Power      Damage    Failure   Level
a - Necrotise             Necr           96%        1d8       1%          1

Your spell library contained the following spells:

 Spells                   Type           Power      Damage    Failure   Level
 Vampiric Draining        Necr           24%        2d7       4%          3
 Animate Dead             Necr           24%        N/A       14%         4
 Agony                    Necr           24%        N/A       36%         5
 Gell's Gravitas          Tloc           2%         N/A       41%         3
 Teleport Other           Tloc           2%         N/A       41%         3
 Dispersal                Tloc           1%         N/A       100%        6


Dungeon Overview and Level Annotations

Branches:
Dungeon (2/15)

Altars:

Annotations:
D:1 Terence


Message History

r - Retreat! s - Stop attacking. g - Guard the area. f - Follow me.
Anything else - Cancel.
Retreat in which direction?
Press: ? - help, Dir - move target You can't see that place.
Okay, then.
As you read the scroll of identify, it crumbles to dust.
h - a potion of might Your surroundings suddenly seem different.
As you read the scroll labelled BEINETUETS, it crumbles to dust.
You hear a loud clanging noise!
It was a scroll of noise.
Unknown command.
You aren't carrying any scrolls.
It was a potion of ambrosia.
You are confused.
You feel invigorated.
Unknown command.
You feel less invigorated.
You feel less confused.
(D) Dungeon
Where to? (? - help)
There is an open door here.
There is a stone staircase leading down here.
You climb downwards.
Found 2 stones.
Found a stone staircase leading down.
There is a stone staircase leading up here.
There are monsters nearby!
Terence shouts!
Terence writhes in agony.
Terence writhes in agony.
Terence writhes in agony.
Terence closely misses you. Terence hits you with a +0 mace.
You climb upwards.
There is a stone staircase leading down here.
Terence writhes in agony.
Terence hits you with a +0 mace.
Terence writhes in agony.
Terence hits you with a +0 mace!
Ouch! That really hurt!
You die...

###### #....# ##### #....# ....#
#....# #####
....###....#######...############
................@....'...........
....###.....##..#@...###.........
...)# ####...........# #.#.......
....# #.⌠...⌠...).# #.#.#.####
....# #..###......# #.#.#.....
....# #..'<#......# #.#.#...#.
##### #..###...#### #.#.#####.
#.⌠...⌠..## #.#....... ####
#.........# #.########


You could see Terence.

Vanquished Creatures
  3 endoplasms (D:1)
  A goblin (D:1)
  2 hobgoblins (D:1)
  3 quokkas (D:1)
  A bat (D:1)
  3 frilled lizards (D:1)
  2 kobolds (D:1)
  2 rats (D:1)
17 creatures vanquished.

Notes
Turn   | Place    | Note
-------+----------+-------------------------------------------
     0 | D:1      | Icepheonix32 the Deep Elf Necromancer began the quest for
                  | the Orb.
     0 | D:1      | Reached XP level 1. HP: 10/10 MP: 6/6
    81 | D:1      | Reached skill level 5 in Necromancy
   421 | D:1      | Reached XP level 2. HP: 15/15 MP: 4/8
  1391 | D:2      | Noticed Terence
  1398 | D:1      | Slain by Terence

Illustrated notes

Levels and vault maps discovered:
D:1:      scummos_arrival_simple_fountains, layout_basic, roderic_lattice_a,
          minmay_box_of_dots
D:2:      layout_basic, ebering_ecumenical_altar_rust, uniq_terence

Skill      XL: |  1 |
---------------+----+-----
Necromancy     | 5 |  5.7
Dodging        | |  2.4
Stealth        | |  2.4
Spellcasting   | |  3.0

Action                   || total
-------------------------++-------
Melee: Unarmed           ||     2
 Cast: Necrotise         ||    34
  Use: Scroll            ||     4
       Potion            ||     1
 Stab: Sleeping          ||     1
Armor: Robe              ||     3
Dodge: Dodged            ||     5
